 Dungeon Crawl Stone Soup version 0.20-b1-18-gaa2fd62 (webtiles) character file.

38 cereshysteria the Grave Robber (level 3, -1/24 HPs)
             Began as a Mummy Necromancer on May 24, 2017.
             Slain by an adder (2 damage)
             ... on level 2 of the Dungeon.
             The game lasted 00:07:52 (1247 turns).

cereshysteria the Grave Robber (Mummy Necromancer)  Turns: 1247, Time: 00:07:53

Health: -1/24      AC:  2    Str: 11    XL:     3   Next: 25%
Magic:  1/7        EV: 12    Int: 15    God:
Gold:   17         SH:  0    Dex: 12    Spells: 6/8 levels left

rFire    x . .     SeeInvis .   h - +1 short sword (freeze)
rCold    + . .     Gourm    .   (no shield)
rNeg     + + +     Faith    .   a - +0 robe
rPois    ∞         Spirit   .   (no helmet)
rElec    .         Reflect  .   (no cloak)
rCorr    .         Harm     .   (no gloves)
MR       .....                  (no boots)
Stlth    ++........             (no amulet)
Regen    0.1/turn               (no ring)
MPRegen  0.1/turn               (no ring)

@: no status effects
A: no food or potions, fire vulnerability, cold resistance 1, negative energy
resistance 3, torment resistance, unbreathing
a: no special abilities


You were on level 2 of the Dungeon.
You were not hungry.

You visited 1 branch of the dungeon, and saw 2 of its levels.

You collected 17 gold pieces.

Inventory:

Hand Weapons
 h - a +1 short sword of freezing (weapon)
Armour
 a - a +0 robe (worn)
Potions
 d - a potion of degeneration
Books
 b - a book of Necromancy

   Spells                             Type                      Level
   a - Pain                           Necromancy                   1
   b - Animate Skeleton               Necromancy                   1
   c - Vampiric Draining              Necromancy                   3
   d - Regeneration                   Charms/Necromancy            3
   e - Animate Dead                   Necromancy                   4
   f - Control Undead                 Necromancy                   4
Comestibles
 c - a bread ration
 f - a chunk of flesh
 g - a meat ration


   Skills:
 + Level 1.6 Dodging
 + Level 1.6 Stealth
 + Level 0.2 Unarmed Combat
 + Level 3.3 Spellcasting
 + Level 4.7 Necromancy


You had 6 spell levels left.
You knew the following spells:

 Your Spells              Type           Power        Failure   Level  Hunger
a - Pain                  Necr           ###.         2%          1    N/A
b - Animate Skeleton      Necr           N/A          2%          1    N/A

Dungeon Overview and Level Annotations

Branches:
Dungeon (2/15)

Altars:
Dithmenos


Innate Abilities, Weirdness & Mutations

You do not eat or drink.
Your flesh is vulnerable to fire.
You are immune to poison.
Your flesh is cold resistant. (rC+)
You are immune to negative energy. (rN+++)
You are immune to unholy pain and torment.
You can survive without breathing.


Message History

The adder misses you. The jackal bites you.
* * * LOW HITPOINT WARNING * * *
The adder misses you. The jackal barely misses you.
The adder completely misses you. The jackal bites you.
* * * LOW HITPOINT WARNING * * *
The adder bites you.
* * * LOW HITPOINT WARNING * * *
The adder barely misses you. The adder barely misses you.
The giant cockroach bites you.
* * * LOW HITPOINT WARNING * * *
The adder closely misses you.
Casting: Pain
Confirm with . or Enter, or press ? or * to list all spells.
Aiming: Pain
Press: ? - help, Shift-Dir - straight line, f/p - adder
Aim: an adder (moderately wounded, chance to defeat MR: 81%)
The adder writhes in agony!
The adder bites you.
You die...

.... .# .... .# # ......
.# #. #..... .#
..####.##.# .# #
...#.##.# #####.###
...###.#.##.# ##....?...
........s##.###......###
..###.@S...##..........
#.#h...............
#.#.#####.......###
#.#.# ##?....## #.#.#
##.>.## #.#.# ##.##
#.#!# #.# #(..# #..
#.#.# #...


You could see an adder, a jackal and a giant cockroach.

Vanquished Creatures
  An adder (D:2)
  An ooze (D:1)
  A giant cockroach (D:1)
  2 goblins (D:1)
  3 hobgoblins (D:1)
  2 jackals (D:2)
  4 kobolds (D:1)
  5 bats
  4 rats (D:1)
23 creatures vanquished.

Notes
Turn   | Place    | Note
-------+----------+-------------------------------------------
     0 | D:1      | cereshysteria the Mummy Necromancer began the quest for the Orb.
     0 | D:1      | Reached XP level 1. HP: 13/13 MP: 4/4
   167 | D:1      | Learned a level 1 spell: Animate Skeleton
   226 | D:1      | Reached XP level 2. HP: 4/19 MP: 0/5
  1122 | D:2      | Found a shadowy altar of Dithmenos.
  1133 | D:2      | Reached XP level 3. HP: 24/24 MP: 2/7
  1240 | D:2      | HP: 1/24 [adder (3)]
  1245 | D:2      | HP: 1/24 [giant cockroach (1)]
  1247 | D:2      | Slain by an adder

Skill      XL: |  1  2 |
---------------+-------+-----
Spellcasting   | 3 |  3.3
Dodging        | |  1.6
Stealth        | |  1.6
Unarmed Combat | |  0.2
Necromancy     | |  4.7

Action                   || total
-------------------------++-------
Melee: Unarmed           ||    13
       Short sword       ||     1
 Cast: Pain              ||    46
       Animate Skeleton  ||     3
  Use: Scroll            ||     3
Armor: Robe              ||     9
Dodge: Dodged            ||    56
